 Dungeon Crawl Stone Soup version 0.20.1-1-g8b1a95d (webtiles) character file.

2709 ReteAZ the Cleaver (level 9, -3/64 HPs)
             Began as a Demonspawn Berserker on July 30, 2017.
             Was a High Priest of Trog.
             Slain by Duvessa
             ... wielding a +2 rapier of speed
              (12 damage)
             ... on level 7 of the Dungeon.
             The game lasted 00:19:36 (7178 turns).

ReteAZ the Cleaver (Demonspawn Berserker)           Turns: 7178, Time: 00:19:37

Health: -3/64      AC:  9    Str: 20    XL:     9   Next: 39%
Magic:  9/9        EV:  6    Int:  9    God:    Trog [*****.]
Gold:   243        SH:  9    Dex: 13    Spells: 8/8 levels left

rFire    . . .     SeeInvis .   k - +0 war axe (freeze)
rCold    . . .     Gourm    .   l - +0 shield
rNeg     . . .     Faith    .   u - +0 chain mail
rPois    .         Spirit   .   (no helmet)
rElec    .         Reflect  .   (no cloak)
rCorr    .         Harm     .   (no gloves)
MR       .....                  (no boots)
Stlth    +.........             (no amulet)
Regen    0.2/turn               (no ring)
MPRegen  0.2/turn               (no ring)

@: no status effects
A: talons 2, nightstalker 2
a: Berserk, Trog's Hand, Brothers in Arms, Burn Spellbooks, Renounce Religion


You were on level 7 of the Dungeon.
You worshipped Trog.
Trog was extremely pleased with you.
You were hungry.

You visited 2 branches of the dungeon, and saw 8 of its levels.
You also visited: Sewer and Ossuary.

You collected 243 gold pieces.

Inventory:

Hand Weapons
 k - a +0 war axe of freezing (weapon)
Missiles
 e - a throwing net (quivered)
Armour
 l - a +0 shield (worn)
 u - a +0 chain mail (worn)
Jewellery
 n - an uncursed ring of ice
Wands
 g - a wand of digging (18/24)
 x - a wand of digging (14/24)
 E - a wand of clouds (5/9)
Scrolls
 b - a scroll of enchant armour {unknown}
 d - 5 scrolls of teleportation
 f - 4 scrolls of remove curse
 h - 3 scrolls of fear
 m - 3 scrolls of identify
 p - a scroll of amnesia {unknown}
 t - a scroll of magic mapping
 v - 2 scrolls of enchant weapon {unknown}
 y - a scroll of recharging {unknown}
 A - a scroll of blinking {unknown}
 B - a scroll of vulnerability {unknown}
 C - a scroll of summoning {unknown}
Potions
 a - 2 potions of flight
 j - a potion of berserk rage {unknown}
 r - 2 potions of haste
 s - 8 potions of curing
 w - a potion of ambrosia {unknown}
 z - 2 potions of mutation {unknown}
 D - a potion of degeneration {unknown}
Comestibles
 c - 4 bread rations
 i - 2 royal jellies
 o - a meat ration


   Skills:
 - Level 3.2 Fighting
   Level 1.5 Short Blades
 * Level 11.0 Axes
 - Level 3.0 Armour
 - Level 2.0 Dodging
 + Level 2.0 Stealth
 + Level 2.4 Shields


You had 8 spell levels left.
You didn't know any spells.

Dungeon Overview and Level Annotations

Branches:
Dungeon (7/15)             Temple (1/1) D:4

Altars:
Ashenzari
Cheibriados
Dithmenos
Elyvilon
Fedhas
Gozag
Hepliaklqana
Kikubaaqudgha
Makhleb
Nemelex Xobeh
Okawaru
Qazlal
Ru
Sif Muna
Trog
Uskayaw
Vehumet
Xom
Yredelemnul
Zin
The Shining One

Shops:
D:4 *

Annotations:
D:7 Duvessa


Innate Abilities, Weirdness & Mutations

You have razor-sharp toenails.
You are significantly more attuned to the shadows.


Message History

You hit Duvessa but do no damage. Your kick misses Duvessa.
Duvessa is almost dead.
Duvessa hits you with a rapier of speed!
You block Duvessa's attack. x2
You are too injured to fight recklessly!
You are too injured to fight recklessly!
You are too injured to fight recklessly!
You are too injured to fight recklessly!
You hit Duvessa but do no damage. You claw Duvessa, but do no damage.
Duvessa is almost dead.
Duvessa hits you with a rapier of speed!
* * * LOW HITPOINT WARNING * * *
You feel much better. Duvessa barely misses you.
Duvessa hits you with a rapier of speed!
You barely miss Duvessa.
Duvessa is almost dead.
Duvessa hits you with a rapier of speed!
* * * LOW HITPOINT WARNING * * *
Duvessa hits you with a rapier of speed!
You die...

#()....(# #.#####.# #(# #.#
#########(# #.# #.......(.# #.#
### #.#############.###########.#
#.# *,,.....>......).........
#.#**.**####.##.#...........#
##.#,,..,* #@##.#.#########.#
#..#,*,#.####e##....########.#
#..#,*.#......................
####..#,,.......###.#..########..
......#..######.# #.#..########..
###......#....#.# #..............
.........#..###.# ###..########.#
.........#......# #..# #####..
.........#..###.## #..# #......


You could see Duvessa (berserk).

Vanquished Creatures
  Joseph (D:7)
  Sigmund (D:2)
  Menkaure (Ossuary)
  An orc warrior (D:4)
  A phantom (D:5)
  A necrophage (D:7)
  3 centaurs
  A big kobold (Sewer)
  4 bullfrogs (D:6)
  5 scorpions
  Dowan (D:7)
  3 crimson imps
  A bullfrog zombie (D:6)
  3 hounds
  2 orc priests
  A gnoll shaman (D:6)
  A jelly (D:7)
  5 orc wizards
  Terence (D:2)
  An iguana (D:4)
  Ijyb (D:4)
  4 worker ants
  3 mummies (Ossuary)
  6 gnolls (D:6)
  11 adders
  6 river rats
  A shadow imp (D:7)
  2 adder skeletons
  3 worms
  4 dart slugs
  6 leopard geckos
  27 orcs
  10 bats
  3 giant cockroaches
  5 gnoll zombies (Ossuary)
  11 goblins
  3 hobgoblins
  7 jackals
  7 quokkas
  A ball python (D:2)
  6 frilled lizards
  A gnoll skeleton (Ossuary)
  2 goblin skeletons (Ossuary)
  5 goblin zombies
  4 hobgoblin skeletons (Ossuary)
  3 hobgoblin zombies (Ossuary)
  A jackal skeleton (D:7)
  15 kobolds
  7 kobold skeletons (Ossuary)
  2 kobold zombies (Ossuary)
  A leopard gecko skeleton (D:6)
  A leopard gecko zombie (D:3)
  3 orc skeletons (Ossuary)
  2 orc zombies (Ossuary)
  A quokka skeleton (D:6)
  7 rats
  3 rat skeletons (Ossuary)
  4 rat zombies (Ossuary)
227 creatures vanquished.

Vanquished Creatures (others)
  A human (D:2)
  A gnoll zombie (Ossuary)
  A goblin skeleton (Ossuary)
  2 goblin zombies (Ossuary)
  A hobgoblin skeleton (Ossuary)
  2 kobold skeletons (Ossuary)
  An orc zombie (Ossuary)
  A rat skeleton (Ossuary)
  2 rat zombies (Ossuary)
12 creatures vanquished.

Grand Total: 239 creatures vanquished

Notes
Turn   | Place    | Note
-------+----------+-------------------------------------------
     0 | D:1      | ReteAZ the Demonspawn Berserker began the quest for the Orb.
     0 | D:1      | Reached XP level 1. HP: 18/18 MP: 1/1
   213 | D:1      | Reached skill level 3 in Axes
   265 | D:1      | Gained mutation: You have sharp toenails. [demonic ancestry]
   265 | D:1      | Reached XP level 2. HP: 24/24 MP: 2/2
   889 | D:2      | Noticed Terence
   889 | D:2      | Reached XP level 3. HP: 29/29 MP: 3/3
   899 | D:2      | Reached ** piety under Trog
   917 | D:2      | Killed Terence
   917 | D:2      | Reached skill level 4 in Axes
  1148 | D:2      | Gained mutation: You have razor-sharp toenails. [demonic ancestry]
  1148 | D:2      | Reached XP level 4. HP: 35/35 MP: 4/4
  1283 | D:2      | Noticed Sigmund
  1303 | D:2      | Killed Sigmund
  1303 | D:2      | Reached skill level 1 in Short Blades
  1303 | D:2      | Reached skill level 5 in Axes
  1303 | D:2      | Reached XP level 5. HP: 12/41 MP: 5/5
  1793 | D:2      | Found a bloodstained altar of Trog.
  1838 | D:2      | Found an ancient bone altar of Kikubaaqudgha.
  1841 | D:2      | Noticed a human
  1842 | D:2      | Killed a human
  1957 | D:3      | Reached XP level 6. HP: 44/47 MP: 6/6
  2029 | D:3      | Reached *** piety under Trog
  2207 | D:3      | Found a radiant altar of Vehumet.
  2485 | D:4      | Noticed an orc warrior
  2500 | D:4      | Killed an orc warrior
  2500 | D:4      | Reached skill level 6 in Axes
  2511 | D:4      | Reached skill level 1 in Stealth
  2724 | D:4      | Noticed Ijyb
  2734 | D:4      | Killed Ijyb
  2734 | D:4      | Reached XP level 7. HP: 46/52 MP: 7/7
  2743 | D:4      | Found a basalt altar of Yredelemnul.
  2743 | D:4      | Found a glowing silver altar of Zin.
  2744 | D:4      | Found a radiant altar of Vehumet.
  2744 | D:4      | Found a stormy altar of Qazlal.
  2748 | D:4      | Found a staircase to the Ecumenical Temple.
  2748 | D:4      | Found a snail-covered altar of Cheibriados.
  2748 | D:4      | Found a basalt altar of Yredelemnul.
  2749 | D:4      | Found a glowing silver altar of Zin.
  2749 | D:4      | Found a bloodstained altar of Trog.
  2749 | D:4      | Found a hide-covered altar of Uskayaw.
  2749 | D:4      | Found an ancient bone altar of Kikubaaqudgha.
  2749 | D:4      | Found a stormy altar of Qazlal.
  2749 | D:4      | Found an opulent altar of Gozag.
  2882 | D:4      | Found Gozag's Platinum Reserve.
  3104 | D:4      | Found an opulent altar of Gozag.
  3235 | Temple   | Entered the Ecumenical Temple
  3312 | D:5      | Entered Level 5 of the Dungeon
  3618 | D:5      | Reached **** piety under Trog
  3782 | D:5      | Reached skill level 7 in Axes
  4224 | D:6      | Found a shimmering altar of Xom.
  4224 | D:6      | Found a glowing silver altar of Zin.
  4224 | D:6      | Noticed an angel
  4233 | D:6      | Reached skill level 8 in Axes
  4233 | D:6      | Gained mutation: You are slightly more attuned to the shadows. [demonic ancestry]
  4233 | D:6      | Reached XP level 8. HP: 54/58 MP: 8/8
  4434 | D:6      | Found a glowing drain.
  4457 | Sewer    | Entered a sewer
  4641 | Sewer    | Reached ***** piety under Trog
  4665 | Sewer    | Found a white marble altar of Elyvilon.
  4792 | D:6      | Reached skill level 9 in Axes
  4854 | D:6      | Reached skill level 1 in Shields
  5612 | D:7      | Found a sand-covered staircase.
  5630 | Ossuary  | Entered an ossuary
  5850 | Ossuary  | Received a gift from Trog
  5878 | Ossuary  | Noticed Menkaure
  5882 | Ossuary  | Killed Menkaure
  5962 | D:7      | Noticed Duvessa
  6025 | D:7      | Reached skill level 10 in Axes
  6158 | D:7      | Gained mutation: You are significantly more attuned to the shadows. [demonic ancestry]
  6158 | D:7      | Reached XP level 9. HP: 36/64 MP: 9/9
  6312 | D:7      | Noticed Dowan
  6328 | D:7      | Killed Dowan
  6621 | D:7      | Noticed Joseph
  6638 | D:7      | Killed Joseph
  6952 | D:7      | Reached skill level 11 in Axes
  7178 | D:7      | Slain by Duvessa

Skill      XL: |  1  2  3  4  5  6  7  8  9 |
---------------+----------------------------+-----
Axes           | 3 4 5 6 8 10 11 | 11.0
Armour         | 2 3 |  3.0
Dodging        | 2 |  2.0
Short Blades   | 1 |  1.5
Stealth        | 1 2 |  2.0
Shields        | 1 2 |  2.4
Fighting       | |  3.2

Action                   |  1- 3 |  4- 6 |  7- 9 || total
-------------------------+-------+-------+-------++-------
Melee: Hand axe          |    82 |       |       ||    82
       Kick              |    19 |    38 |    95 ||   152
       Short sword       |     6 |   125 |       ||   131
       War axe           |       |    15 |   386 ||   401
Invok: Berserk           |     1 |       |     1 ||     2
  Use: Scroll            |       |     3 |     5 ||     8
       Potion            |       |     2 |     1 ||     3
  Eat: Chunk             |     2 |     5 |    15 ||    22
Armor: Animal skin       |     2 |       |       ||     2
       Ring mail         |    29 |    42 |       ||    71
       Chain mail        |       |     7 |   168 ||   175
Dodge: Dodged            |    61 |    73 |    80 ||   214
Block: Shield            |       |       |   115 ||   115
